[Event "Titled Tuesday Blitz December 13 Early 2022"]
[White "Berezin, Viktor"]
[Black "Migot, Tangi"]
[WhiteFideId "14107872"]
[BlackFideId "662445"]
[WhiteElo "2310"]
[BlackElo "2574"]
[Result "1/2-1/2"]
[Round "06"]
[TimeControl "180+1"]
[Date "2022.12.14"]
[WhiteClock "0:00:05"]
[BlackClock "0:00:09"]

1. d4 d6 2. Nf3 Nf6 3. g3 Nbd7 4. Bg2 c6 5. O-O g6 6. Nc3 Bg7 7. a4 O-O 8. a5 Rb8 9. e4 e5 10. h3 Qc7 11. Re1 b5 12. axb6 axb6 13. d5 Bb7 14. dxc6 Bxc6 15. Nd5 Nxd5 16. exd5 Bb7 17. c3 Ra8 18. Be3 h6 19. Rxa8 Rxa8 20. Nd2 f5 21. h4 Rf8 22. Qc2 Nf6 23. Qb3 Ng4 24. Bxb6 Qf7 25. h5 gxh5 26. Nc4 Bxd5 27. Bxd5 Qxd5 28. Rd1 Qf7 29. Rxd6 Rb8 30. Qa4 Bf8 31. Rd7 Qe6 32. Bc7 Rb7 33. Qa8 Qxd7 34. Qxb7 f4 35. Nb6 Qd1+ 36. Kg2 fxg3 37. Kxg3 Qd3+ 38. Kg2 e4 39. Qd5+ Qxd5 40. Nxd5 Bc5 41. Bb6 Bd6 42. Ne3 Ne5 43. Nf5 Bf8 44. Bd4 Nd3 45. Be3 Kf7 46. Nxh6+ Bxh6 47. Bxh6 Nxb2 48. Kg3 Kg6 49. Bc1 Nd3 50. Be3 Kf5 51. Kh4 Ne5 52. Kxh5 Nc4 53. Bd4 Nd2 54. Kh4 Nc4 55. Kg3 Kg5 56. Kg2 Kf4 57. Bc5 Kg4 58. Bd4 Kf4 59. Bc5 Kg4 60. Bd4 Nd2 61. Bc5 Nc4 1/2-1/2


[Site "https://www.chess.com"]

[Event "Titled Tuesday Blitz December 13 Early 2022"]
[White "Bettalli, Francesco"]
[Black "Silvestre, Christian"]
[WhiteFideId "2816453"]
[BlackFideId "30956269"]
[WhiteElo "2216"]
[BlackElo "2348"]
[Result "1-0"]
[Round "06"]
[TimeControl "180+1"]
[Date "2022.12.14"]
[WhiteClock "0:00:18"]
[BlackClock "0:00:20"]

1. d4 Nf6 2. Nf3 g6 3. Nc3 Bg7 4. e4 d6 5. Bg5 Nbd7 6. e5 Ng8 7. exd6 cxd6 8. Bc4 Ngf6 9. O-O O-O 10. Re1 a6 11. a4 b6 12. Nd5 e6 13. Nxf6+ Nxf6 14. Qe2 Bb7 15. h3 Re8 16. Rad1 Rc8 17. Bb3 Qd7 18. c3 b5 19. axb5 axb5 20. Ra1 h6 21. Bf4 Nd5 22. Bd2 Ra8 23. Nh2 f5 24. Nf3 Kh7 25. h4 Rxa1 26. Rxa1 Ra8 27. Rxa8 Bxa8 28. h5 gxh5 29. Nh4 Qf7 30. Qxb5 Bf6 31. Nf3 Bb7 32. c4 e5 33. cxd5 e4 34. Ne1 Bxd4 35. Bf4 Qe7 36. Nc2 Bc5 37. Ne3 Bc8 38. Qc6 Bd7 39. Qb7 Qg7 40. Bc2 h4 41. Kh2 Bd4 42. Bxd6 Bxb2 43. Bf4 Be5 44. Bxe5 Qxe5+ 45. Kh1 Qa1+ 46. Kh2 Qe5+ 47. g3 hxg3+ 48. fxg3 Qg7 49. d6 h5 50. Qd5 h4 51. gxh4 Qc3 52. Qf7+ Kh6 53. Qxd7 Qxe3 54. Qe6+ Kg7 55. Qe7+ Kh8 56. Qf6+ Kg8 57. Qg5+ Qxg5 58. hxg5 Kf7 59. Kg3 Ke6 60. Kf4 Kxd6 61. Kxf5 Ke7 62. Kg6 e3 63. Bd3 Ke6 64. Be2 Ke5 65. Kh7 Kf4 66. g6 Kg3 67. g7 Kf2 68. Bd3 Kf3 69. g8=Q e2 70. Qf7+ Ke3 71. Bxe2 Kxe2 72. Qf4 1-0


[Site "https://www.chess.com"]

[Event "Titled Tuesday Blitz December 13 Early 2022"]
[White "Bogaudinov, Rushan"]
[Black "Johnson, Ben"]
[WhiteFideId "4129288"]
[BlackFideId "2010917"]
[WhiteElo "2028"]
[BlackElo "2202"]
[Result "1-0"]
[Round "06"]
[TimeControl "180+1"]
[Date "2022.12.14"]
[WhiteClock "0:00:53"]
[BlackClock "0:00:11"]

1. a3 d5 2. e3 e5 3. b4 Nf6 4. Bb2 Bd6 5. c4 dxc4 6. Bxc4 O-O 7. Nc3 Bg4 8. Qb3 Nbd7 9. h3 Bh5 10. g4 Bg6 11. h4 h5 12. g5 Ne4 13. d3 Nxc3 14. Qxc3 a6 15. Ne2 c5 16. f4 cxb4 17. axb4 Qb6 18. Kf2 Bxb4 19. Qb3 Rae8 20. Rab1 exf4 21. Bd4 fxe3+ 22. Kg1 Bc5 23. Qxb6 Nxb6 24. Bxc5 Nxc4 25. Bxf8 Kxf8 26. Nf4 Nd2 27. Rxb7 e2 28. Nxg6+ fxg6 29. Kf2 Nf3 30. Kxf3 e1=Q 31. Rxe1 Rxe1 32. Ra7 Ra1 33. Ke4 Ra4+ 34. d4 a5 35. Ke5 Ra1 36. d5 a4 37. Ke6 Re1+ 38. Kd7 Re4 39. d6 Rxh4 40. Ra5 Rd4 41. Ke6 h4 42. Ra8# 1-0


[Site "https://www.chess.com"]

[Event "Titled Tuesday Blitz December 13 Early 2022"]
[White "Bongo Akanga Ndjila, Barthelemy"]
[Black "Makhmudov, Shukhrat"]
[WhiteFideId "10609431"]
[BlackFideId "14200775"]
[WhiteElo "1768"]
[BlackElo "2135"]
[Result "0-1"]
[Round "06"]
[TimeControl "180+1"]
[Date "2022.12.14"]
[WhiteClock "0:00:06"]
[BlackClock "0:00:34"]

1. d4 Nf6 2. Nf3 d5 3. Bg5 Ne4 4. Bf4 c5 5. e3 Nc6 6. c3 Qb6 7. Qc1 Bf5 8. Nbd2 e6 9. a4 Be7 10. Be2 O-O 11. O-O Rfc8 12. h3 h6 13. Re1 cxd4 14. exd4 Nb4 15. Qd1 Nxd2 16. a5 Qd8 17. cxb4 Nxf3+ 18. Bxf3 Bxb4 19. Re2 Bxa5 20. g4 Bg6 21. h4 Bb6 22. h5 Bh7 23. Kg2 Rc4 24. Be3 Rac8 25. Rd2 Qd6 26. g5 hxg5 27. Bxg5 a6 28. h6 f6 29. Bh4 Qf4 30. Bg3 Qxh6 31. Qe2 Bf5 32. Rh1 Qg5 33. Rh5 Qg6 34. Rxf5 Qxf5 35. Bg4 Qe4+ 36. Qxe4 dxe4 37. Bxe6+ Kf8 38. Bxc4 Rxc4 39. d5 Rd4 40. Rxd4 Bxd4 41. d6 Bxb2 42. Kf1 Ke8 43. Ke2 Bd4 44. Kd2 Kd7 45. Kc2 g5 46. Kb3 f5 47. Kc4 f4 48. Bh2 Bxf2 49. Kd5 e3 0-1


[Site "https://www.chess.com"]

[Event "Titled Tuesday Blitz December 13 Early 2022"]
[White "Boros, Denes"]
[Black "Makhnev, Denis"]
[WhiteFideId "722340"]
[BlackFideId "13707647"]
[WhiteElo "2464"]
[BlackElo "2507"]
[Result "0-1"]
[Round "06"]
[TimeControl "180+1"]
[Date "2022.12.13"]
[WhiteClock "0:00:13"]
[BlackClock "0:00:18"]

1. Nf3 Nf6 2. Nc3 d5 3. d4 e6 4. Bg5 Bb4 5. Qd3 c5 6. a3 c4 7. Qd2 Be7 8. Bxf6 Bxf6 9. e4 Nc6 10. h4 a6 11. Qe3 Be7 12. Be2 b5 13. h5 h6 14. O-O O-O 15. Rad1 b4 16. axb4 Nxb4 17. Rd2 Bb7 18. e5 a5 19. Nd1 a4 20. c3 a3 21. bxa3 Rxa3 22. Qf4 Na2 23. Rc2 Bc6 24. Qd2 Qa5 25. Nh2 Rb8 26. f4 Rbb3 27. Rf3 Nxc3 28. Rcxc3 Bb4 29. Rxb3 Bxd2 30. Rxa3 Qb6 31. Ng4 Qxd4+ 32. Kh1 Qc5 33. Ra2 Be1 34. f5 d4 35. Rf1 exf5 36. Rxe1 fxg4 37. Bxg4 Qe7 38. Kg1 Qh4 39. Nf2 Qg3 40. e6 Qxg2# 0-1


[Site "https://www.chess.com"]

[Event "Titled Tuesday Blitz December 13 Early 2022"]
[White "Budrewicz, Krzysztof"]
[Black "Avinash, Ramesh"]
[WhiteFideId "1127950"]
[BlackFideId "45018340"]
[WhiteElo "2188"]
[BlackElo "2264"]
[Result "1/2-1/2"]
[Round "06"]
[TimeControl "180+1"]
[Date "2022.12.14"]
[WhiteClock "0:01:09"]
[BlackClock "0:01:02"]

1. d4 Nf6 2. c4 g6 3. Nc3 d5 4. Nf3 Bg7 5. cxd5 Nxd5 6. Bd2 O-O 7. e4 Nxc3 8. Bxc3 c5 9. d5 e6 10. Bxg7 Kxg7 11. Bc4 exd5 12. Bxd5 Nd7 13. Qd2 Nb6 14. Rd1 Nxd5 15. Qxd5 Qxd5 16. Rxd5 Be6 17. Rxc5 Rfc8 18. Rxc8 Rxc8 19. Kd2 Bxa2 20. Ra1 Bc4 21. Rxa7 Bf1 22. g3 Rd8+ 23. Ke3 Rd3+ 24. Kf4 Rb3 25. Nd2 Rxb2 26. Nxf1 Rxf2+ 27. Ke3 Rxf1 28. Rxb7 Rh1 29. h4 Re1+ 30. Kf3 Rc1 31. Ra7 Rc5 32. Rb7 h5 33. Ra7 Kf6 34. Rb7 Ra5 35. Rc7 Rb5 36. Kf4 Rb4 37. Rc6+ Kg7 38. Rc7 Rb1 39. Ra7 Rf1+ 40. Ke3 Kf6 41. Rb7 Ke5 42. Rb5+ Kf6 43. Rb7 Kg7 44. Ke2 Ra1 45. Kf3 Ra5 46. Kf4 Ra1 47. Rc7 1/2-1/2


[Site "https://www.chess.com"]

[Event "Titled Tuesday Blitz December 13 Early 2022"]
[White "Buscar, Michael"]
[Black "Roebers, Jan"]
[WhiteFideId "2603616"]
[BlackFideId "1007815"]
[WhiteElo "2010"]
[BlackElo "2177"]
[Result "1-0"]
[Round "06"]
[TimeControl "180+1"]
[Date "2022.12.14"]
[WhiteClock "0:00:10"]
[BlackClock "0:00:01"]

1. Nf3 Nc6 2. g3 e5 3. Bg2 Nf6 4. c4 d6 5. Nc3 Bf5 6. O-O Be7 7. Ne1 O-O 8. Nc2 Bg6 9. Ne3 Re8 10. Ncd5 Nxd5 11. Nxd5 Bf6 12. Nxf6+ Qxf6 13. d3 Rad8 14. e4 Nd4 15. Be3 c5 16. Rb1 b6 17. f4 exf4 18. gxf4 h6 19. Kh1 Qh4 20. Bxd4 cxd4 21. Qe1 Qxe1 22. Rbxe1 f5 23. e5 Kf7 24. e6+ Kf6 25. Bd5 Re7 26. Re2 Bh5 27. Rg2 g5 28. b4 g4 29. a4 Be8 30. a5 bxa5 31. b5 Bh5 32. Ra1 Rc7 33. Rxa5 Rh8 34. Rga2 Rhh7 35. Ra6 Rhe7 36. Rxd6 Be8 37. Rd8 Bh5 38. Rf8+ Kg7 39. Rxf5 Bg6 40. Re5 Bxd3 41. Ra4 Bc2 42. Rb4 Bg6 43. Be4 1-0


[Site "https://www.chess.com"]

[Event "Titled Tuesday Blitz December 13 Early 2022"]
[White "Chernobay, Artem"]
[Black "Rodriguez Fontecha, Marcos"]
[WhiteFideId "4167406"]
[BlackFideId "2256576"]
[WhiteElo "2474"]
[BlackElo "2263"]
[Result "1-0"]
[Round "06"]
[TimeControl "180+1"]
[Date "2022.12.14"]
[WhiteClock "0:00:13"]
[BlackClock "0:00:04"]

1. e4 e6 2. d4 c5 3. d5 exd5 4. exd5 d6 5. c4 Nf6 6. Nc3 Be7 7. Bd3 O-O 8. Nge2 Na6 9. O-O Re8 10. Ng3 Nc7 11. Bf4 a6 12. a4 b6 13. h3 Bf8 14. Qf3 Bd7 15. Rfe1 Rb8 16. Nce4 Nxe4 17. Nxe4 Bc8 18. Ng5 g6 19. Bxd6 Qxg5 20. Bxc7 Rxe1+ 21. Rxe1 Rb7 22. d6 Ra7 23. Re8 Be6 24. b3 Kg7 25. g3 Bxh3 26. Bd8 f6 27. Rxf8 Kxf8 28. Bxf6 Qc1+ 29. Kh2 Bf5 30. Bxf5 gxf5 31. Qxf5 Qh6+ 32. Kg2 Qg6 33. Be7+ Ke8 34. Qc8+ Kf7 35. d7 Qe4+ 36. Kh2 Rxd7 37. Qf8+ Kg6 38. Qf6+ 1-0


[Site "https://www.chess.com"]

[Event "Titled Tuesday Blitz December 13 Early 2022"]
[White "Chernomordik, Pavel"]
[Black "Kleiman, Jake"]
[WhiteFideId "2804530"]
[BlackFideId "2020041"]
[WhiteElo "2193"]
[BlackElo "2575"]
[Result "0-1"]
[Round "06"]
[TimeControl "180+1"]
[Date "2022.12.14"]
[WhiteClock "0:00:18"]
[BlackClock "0:00:40"]

1. e4 e5 2. Nf3 Nc6 3. Bb5 a6 4. Ba4 Nf6 5. Qe2 b5 6. Bb3 Bc5 7. a4 Rb8 8. axb5 axb5 9. c3 d6 10. h3 O-O 11. d3 Be6 12. Nbd2 d5 13. Ra6 Rb6 14. Rxb6 Bxb6 15. O-O Re8 16. Rd1 h6 17. Nf1 Qd7 18. Ng3 Kh7 19. Be3 Bxe3 20. Qxe3 Rd8 21. Bc2 g6 22. Qc5 Qd6 23. Qxd6 cxd6 24. Ra1 dxe4 25. dxe4 b4 26. Ne2 bxc3 27. bxc3 Rc8 28. Ra6 Bc4 29. Rxc6 Rxc6 30. Ng3 Bb5 31. Bb3 Kg7 32. Nd2 Rxc3 33. Ngf1 Rc1 34. f3 Nd7 35. Kf2 Nc5 36. Bd5 Nd3+ 37. Kg3 Nf4 38. Ne3 h5 39. Bb3 Re1 40. Ndc4 Bxc4 41. Nxc4 Re2 0-1


[Site "https://www.chess.com"]

[Event "Titled Tuesday Blitz December 13 Early 2022"]
[White "Chernov, Mikhail"]
[Black "Alice, Mateus Felizardo Viageiro"]
[WhiteFideId "24143170"]
[BlackFideId "14800047"]
[WhiteElo "2113"]
[BlackElo "2189"]
[Result "1-0"]
[Round "06"]
[TimeControl "180+1"]
[Date "2022.12.14"]
[WhiteClock "0:01:08"]
[BlackClock "0:01:39"]

1. e4 c5 2. Nf3 d6 3. d4 cxd4 4. Nxd4 Nf6 5. Nc3 a6 6. Bc4 e6 7. Bb3 b5 8. Bg5 Be7 9. Qf3 Bb7 10. O-O-O b4 11. Na4 Bxe4 12. Qe2 d5 13. f3 Bg6 14. h4 h6 15. Bxf6 Bxf6 16. Nxe6 fxe6 17. Qxe6+ Qe7 18. Qxd5 Bf7 19. Qxa8 O-O 20. Rhe1 Qc7 21. Bxf7+ Qxf7 22. Qd5 1-0


[Site "https://www.chess.com"]

[Event "Titled Tuesday Blitz December 13 Early 2022"]
[White "Ciuffoletti, Paolo"]
[Black "Degenbaev, Aziz"]
[WhiteFideId "807630"]
[BlackFideId "13802640"]
[WhiteElo "2143"]
[BlackElo "2039"]
[Result "1-0"]
[Round "06"]
[TimeControl "180+1"]
[Date "2022.12.14"]
[WhiteClock "0:00:35"]
[BlackClock "0:00:13"]

1. e4 e6 2. d4 d5 3. e5 c5 4. c3 Nc6 5. Nf3 Bd7 6. Be2 f6 7. O-O fxe5 8. dxe5 Qc7 9. c4 d4 10. Bf4 O-O-O 11. Nbd2 Nge7 12. Bd3 Kb8 13. Ng5 Re8 14. Nde4 Ng6 15. Bg3 Ncxe5 16. Nf7 Rg8 17. Nxe5 Nxe5 18. Qh5 g5 19. Nf6 Bd6 20. Nxg8 Rxg8 21. Qxh7 Rf8 22. Rae1 Nxd3 23. Bxd6 Qxd6 24. Qxd3 e5 25. Re2 Bf5 26. Qg3 Re8 27. Rfe1 d3 28. Rxe5 Rxe5 29. Rxe5 d2 30. Rd5 Qxg3 31. hxg3 Bb1 32. Rxd2 Bxa2 33. b4 cxb4 34. Rxa2 b3 1-0


[Site "https://www.chess.com"]

[Event "Titled Tuesday Blitz December 13 Early 2022"]
[White "Csonka, Balazs"]
[Black "Piorun, Kacper"]
[WhiteFideId "742910"]
[BlackFideId "1130420"]
[WhiteElo "2404"]
[BlackElo "2572"]
[Result "1-0"]
[Round "06"]
[TimeControl "180+1"]
[Date "2022.12.13"]
[WhiteClock "0:00:02"]
[BlackClock "0:00:01"]

1. d4 d6 2. c4 g6 3. Nc3 Bg7 4. e4 c5 5. d5 Bxc3+ 6. bxc3 e5 7. dxe6 Bxe6 8. Bf4 Nf6 9. f3 Qa5 10. Bxd6 Qxc3+ 11. Kf2 Nc6 12. Ne2 Qa5 13. e5 Nd7 14. Nf4 Ndxe5 15. Nxe6 fxe6 16. Bxe5 Nxe5 17. Qe2 Qc3 18. Re1 Qd4+ 19. Kg3 g5 20. h3 Qf4+ 21. Kf2 Qd4+ 22. Kg3 Nf7 23. Qxe6+ Kf8 24. h4 Qf4+ 25. Kf2 Qd4+ 26. Kg3 Qf4+ 27. Kf2 gxh4 28. Re4 Qd2+ 29. Kg1 Qd6 30. Rhxh4 Qxe6 31. Rxe6 Re8 32. Rf6 Kg7 33. Rf5 Nh6 34. Rxc5 Re6 35. Rc7+ Nf7 36. Rf4 Rf8 37. Rxb7 h6 38. c5 Re5 39. Bc4 Re1+ 40. Kf2 1-0


[Site "https://www.chess.com"]

[Event "Titled Tuesday Blitz December 13 Early 2022"]
[White "Czopor, Maciej"]
[Black "Thorhallsson, Simon"]
[WhiteFideId "21805431"]
[BlackFideId "2310090"]
[WhiteElo "2324"]
[BlackElo "2108"]
[Result "1-0"]
[Round "06"]
[TimeControl "180+1"]
[Date "2022.12.14"]
[WhiteClock "0:00:16"]
[BlackClock "0:00:19"]

1. c4 Nf6 2. Nc3 g6 3. e4 d6 4. d4 Bg7 5. f4 O-O 6. Nf3 c5 7. d5 e6 8. Be2 exd5 9. cxd5 b5 10. e5 dxe5 11. fxe5 Ng4 12. Bg5 Qa5 13. O-O Nxe5 14. d6 Bb7 15. Nd5 Nbd7 16. Nxe5 Bxe5 17. Bf3 Kh8 18. Be7 Rg8 19. Bg4 f5 20. Bf3 Bd4+ 21. Kh1 Rae8 22. Qc1 c4 23. Qf4 Bg7 24. Nc7 Bxf3 25. Rxf3 Be5 26. Qh4 Rc8 27. Ne6 c3 28. Qxh7+ Kxh7 29. Rh3# 1-0


[Site "https://www.chess.com"]

[Event "Titled Tuesday Blitz December 13 Early 2022"]
[White "D`Arruda, Ricardo D."]
[Black "Molina Carretero, Daniel"]
[WhiteFideId "100692"]
[BlackFideId "32071914"]
[WhiteElo "2441"]
[BlackElo "2109"]
[Result "0-1"]
[Round "06"]
[TimeControl "180+1"]
[Date "2022.12.14"]
[WhiteClock "0:00:37"]
[BlackClock "0:00:06"]

1. d4 Nf6 2. Nf3 e6 3. Nc3 b6 4. Bg5 h6 5. Bh4 Bb7 6. e3 Be7 7. Be2 d6 8. O-O Nbd7 9. a4 a6 10. Re1 O-O 11. b3 Nh5 12. Bxe7 Qxe7 13. Nd2 Nhf6 14. Bf3 Bxf3 15. Qxf3 d5 16. e4 dxe4 17. Ncxe4 Rad8 18. Rad1 Nxe4 19. Nxe4 Nf6 20. Nxf6+ Qxf6 21. Qxf6 gxf6 22. Re3 Rd5 23. Rg3+ Kh7 24. Rgd3 Rfd8 25. Kf1 f5 26. Ke2 Kg6 27. f4 Kf6 28. Ke3 Rg8 29. g3 h5 30. Kf3 Rd7 31. R1d2 Rgd8 32. c4 c6 33. Ke3 h4 34. b4 hxg3 35. hxg3 Rh8 36. d5 cxd5 37. cxd5 e5 38. d6 e4 39. Rd5 Rh3 40. Rg2 Rh1 41. g4 Rh3+ 42. Kd4 Rd3+ 43. Kc4 fxg4 44. Rxg4 Rxd6 45. Rxd6+ Rxd6 46. Rg5 Re6 47. Rg2 Kf5 48. Kd4 e3 49. Kd3 Kxf4 50. Ke2 Ke4 51. Rg4+ Kd5 52. Rf4 f6 53. Rh4 Ke5 54. Rc4 f5 55. Kxe3 Kd5+ 56. Kd3 Re3+ 57. Kxe3 Kxc4 58. Kf4 Kxb4 59. Kxf5 Kxa4 60. Ke4 Kb3 61. Kd3 a5 62. Kd2 a4 63. Kc1 a3 64. Kb1 b5 65. Ka1 b4 66. Kb1 Kc3 67. Ka1 Kc2 68. Ka2 b3+ 69. Kxa3 b2 70. Kb4 b1=Q+ 71. Kc5 Qb3 72. Kd4 Qa4+ 73. Ke5 Qb4 74. Ke6 Qc4+ 75. Kd7 Kd3 76. Ke7 Kd4 77. Kf6 Qc5 0-1


[Site "https://www.chess.com"]

[Event "Titled Tuesday Blitz December 13 Early 2022"]
[White "Daneshvar, Bardiya"]
[Black "Lamaze, Simon"]
[WhiteFideId "12576468"]
[BlackFideId "36069264"]
[WhiteElo "2429"]
[BlackElo "2272"]
[Result "1-0"]
[Round "06"]
[TimeControl "180+1"]
[Date "2022.12.13"]
[WhiteClock "0:01:12"]
[BlackClock "0:00:53"]

1. b3 e5 2. Bb2 Nc6 3. e3 d5 4. Bb5 Ne7 5. Nf3 e4 6. Ne5 Qd6 7. d4 f6 8. Nxc6 Nxc6 9. Ba3 Qe6 10. Bxf8 Kxf8 11. c4 Nb4 12. cxd5 Qxd5 13. Nc3 Qg5 14. Qd2 Bg4 15. a3 Nd3+ 16. Bxd3 exd3 17. Qxd3 Re8 18. Qb5 Rxe3+ 19. fxe3 Qxe3+ 20. Ne2 Kf7 21. Qc4+ Kg6 22. Qd3+ 1-0


[Site "https://www.chess.com"]

[Event "Titled Tuesday Blitz December 13 Early 2022"]
[White "Demin, Vladimir"]
[Black "Sovetbekova, Nurai"]
[WhiteFideId "4167457"]
[BlackFideId "13801910"]
[WhiteElo "2594"]
[BlackElo "1925"]
[Result "1-0"]
[Round "06"]
[TimeControl "180+1"]
[Date "2022.12.14"]
[WhiteClock "0:00:36"]
[BlackClock "0:00:04"]

1. e4 c5 2. Nf3 d6 3. d4 cxd4 4. Qxd4 Nc6 5. Bb5 Bd7 6. Bxc6 Bxc6 7. Nc3 Nf6 8. Bg5 e6 9. O-O-O Be7 10. Qd3 Qb6 11. Nd4 O-O 12. Kb1 Rac8 13. h4 h6 14. f4 Qa5 15. g4 b5 16. Nxc6 Rxc6 17. Nxb5 Rb6 18. Nd4 Qb4 19. Nb3 a5 20. a3 Qa4 21. Bxf6 Bxf6 22. g5 Be7 23. Qd4 Qxd4 24. Rxd4 e5 25. fxe5 dxe5 26. Rd5 hxg5 27. hxg5 Bxg5 28. Rxe5 f6 29. Rxa5 Re8 30. Ra4 Rbe6 31. Nc5 Re5 32. b4 Be3 33. Nb7 Bd4 34. Re1 Rxe4 35. Rxe4 Rxe4 36. Ra8+ Kh7 37. Nd6 Re1+ 38. Ka2 Be5 39. Nc4 f5 40. Nxe5 Rxe5 41. Rf8 Kg6 42. a4 Re4 43. Kb3 f4 44. a5 Re6 45. b5 Kg5 46. c4 Kg4 47. a6 f3 48. a7 Rf6 49. Rxf6 gxf6 50. a8=Q f2 51. Qg2+ 1-0


[Site "https://www.chess.com"]

[Event "Titled Tuesday Blitz December 13 Early 2022"]
[White "Derraugh, Geordie"]
[Black "Ardila, Oscar Humberto"]
[WhiteFideId "2603950"]
[BlackFideId "4404742"]
[WhiteElo "2082"]
[BlackElo "1961"]
[Result "1-0"]
[Round "06"]
[TimeControl "180+1"]
[Date "2022.12.14"]
[WhiteClock "0:01:15"]
[BlackClock "0:00:14"]

1. e4 e5 2. Nf3 Nf6 3. Nc3 Nc6 4. Bb5 Bb4 5. O-O O-O 6. d3 d6 7. Ne2 Nh5 8. c3 Ba5 9. d4 Qe7 10. Bg5 f6 11. Be3 Kh8 12. Bd3 Bg4 13. Nh4 Nf4 14. Bxf4 exf4 15. f3 Bd7 16. Nxf4 Be8 17. Nf5 Qd8 18. Ne6 Qc8 19. Nxf8 Bf7 20. Nxh7 Kxh7 21. Qe1 Kg8 22. d5 Ne5 23. Ne7+ Kf8 24. Nxc8 Rxc8 25. Qe2 Bb6+ 26. Kh1 Ke7 27. f4 Ng6 28. e5 fxe5 29. Bxg6 Bxg6 30. fxe5 Rh8 31. exd6+ Kxd6 32. Qe6+ Kc5 33. b4+ Kc4 34. Rf4+ Kxc3 35. Qe5+ Kc2 36. Rf3 Re8 37. Qc3# 1-0


[Site "https://www.chess.com"]

[Event "Titled Tuesday Blitz December 13 Early 2022"]
[White "Dias, Joao Batista"]
[Black "Prieto Aranguren, Alain"]
[WhiteFideId "2108240"]
[BlackFideId "2268906"]
[WhiteElo "1898"]
[BlackElo "2209"]
[Result "1/2-1/2"]
[Round "06"]
[TimeControl "180+1"]
[Date "2022.12.14"]
[WhiteClock "0:00:11"]
[BlackClock "0:00:02"]

1. e4 c6 2. d4 d5 3. Nd2 dxe4 4. Nxe4 Be6 5. Nf3 Nf6 6. Bd3 Nxe4 7. Bxe4 Nd7 8. O-O Nf6 9. Bd3 Bg4 10. Be2 e6 11. h3 Bh5 12. c3 Bd6 13. Be3 Qc7 14. Re1 O-O 15. Qd2 Nd5 16. b4 Nxe3 17. Qxe3 Bf4 18. Qd3 Bg6 19. Qd1 a5 20. a3 axb4 21. axb4 Rxa1 22. Qxa1 Be4 23. Qa2 Rd8 24. Nd2 Bg6 25. Bf3 h6 26. Ne4 Kh7 27. Qe2 Ra8 28. Qb2 Qb8 29. Ra1 Ra7 30. Ra5 Rxa5 31. bxa5 Qa7 32. Qb6 Qa8 33. Nc5 Bd2 34. Nxb7 Bxc3 35. a6 Bxd4 36. Qxc6 Qa7 37. Kh2 Bxf2 38. Nd6 h5 39. Nb5 Qe3 40. Qd6 h4 41. Qd1 Bg3+ 42. Kh1 Be5 43. Bh5 Qf4 44. Bxg6+ fxg6 45. Kg1 Qe3+ 46. Kh1 Qg3 47. Kg1 Qe3+ 48. Kh1 Qg3 49. Kg1 Qe3+ 1/2-1/2


[Site "https://www.chess.com"]

[Event "Titled Tuesday Blitz December 13 Early 2022"]
[White "Diaz Rosas, Julio Cesar"]
[Black "Begunov, Konstantin"]
[WhiteFideId "5105099"]
[BlackFideId "4118510"]
[WhiteElo "2246"]
[BlackElo "2141"]
[Result "1-0"]
[Round "06"]
[TimeControl "180+1"]
[Date "2022.12.14"]
[WhiteClock "0:01:27"]
[BlackClock "0:00:01"]

1. d4 d5 2. c4 c6 3. Nf3 Nf6 4. Qc2 Bg4 5. Ne5 Bh5 6. g3 e6 7. Bg2 Nbd7 8. O-O Nxe5 9. dxe5 Nd7 10. cxd5 cxd5 11. e4 Bg6 12. Qa4 Bxe4 13. Bxe4 dxe4 14. Rd1 a6 15. Nc3 Qc7 16. Bf4 Qc6 17. Qxc6 bxc6 18. Nxe4 Be7 19. Rac1 Rc8 20. Nd6+ Bxd6 21. Rxd6 Nb8 22. Be3 Ke7 23. Bc5 Nd7 24. Ba3 c5 25. f4 Rc7 26. Rxa6 Rhc8 27. Rd1 g5 28. Kf2 gxf4 29. gxf4 f6 30. Rdd6 Nf8 31. Ke3 fxe5 32. fxe5 Rd7 33. b4 Rxd6 34. exd6+ Kd7 35. bxc5 1-0


[Site "https://www.chess.com"]

[Event "Titled Tuesday Blitz December 13 Early 2022"]
[White "Djokic, Mihailo"]
[Black "Harshavardhan G B"]
[WhiteFideId "976440"]
[BlackFideId "25059009"]
[WhiteElo "2294"]
[BlackElo "2323"]
[Result "0-1"]
[Round "06"]
[TimeControl "180+1"]
[Date "2022.12.14"]
[WhiteClock "0:00:03"]
[BlackClock "0:00:41"]

1. e4 c5 2. Nf3 d6 3. d4 cxd4 4. Nxd4 Nf6 5. Nc3 Nc6 6. Bg5 e6 7. Qd2 a6 8. O-O-O Bd7 9. f4 b5 10. Bxf6 gxf6 11. f5 Nxd4 12. Qxd4 Bh6+ 13. Kb1 Bf4 14. Ne2 Be5 15. Qe3 Qc7 16. Nf4 O-O-O 17. g3 Kb8 18. Nd3 Rc8 19. Rd2 exf5 20. exf5 Bc6 21. Bg2 Rhe8 22. Bxc6 Qxc6 23. Qg1 Bd4 24. Nb4 Bxg1 25. Nxc6+ Rxc6 26. Rxg1 Re5 27. g4 Kc7 28. c3 Rc4 29. h3 d5 30. Rgd1 Kd6 31. Rd3 Rce4 32. R1d2 Re3 33. Kc2 Rxd3 34. Rxd3 Re2+ 35. Rd2 Re1 36. Rd3 Ke5 37. Kd2 Rh1 38. Re3+ Kf4 39. Rd3 Rh2+ 40. Kc1 Ke4 41. Rd4+ Ke5 42. Rd3 a5 43. a3 a4 44. Kb1 Re2 45. Kc1 Kd6 46. Kb1 Kc6 47. Kc1 Kc5 48. Rd4 Re3 49. h4 h6 50. Kb1 Rh3 51. h5 Re3 52. Kc1 Re4 53. Rxe4 dxe4 54. Kd2 Kc4 55. Ke3 Kb3 56. Kxe4 Kxb2 57. Kd4 Kxa3 58. Kc5 Kb3 59. g5 fxg5 60. Kxb5 a3 61. c4 a2 62. c5 0-1


[Site "https://www.chess.com"]

[Event "Titled Tuesday Blitz December 13 Early 2022"]
[White "Donchenko, Alexander"]
[Black "Taboas Rodriguez, Daniel"]
[WhiteFideId "24603295"]
[BlackFideId "2208466"]
[WhiteElo "2581"]
[BlackElo "2329"]
[Result "1-0"]
[Round "06"]
[TimeControl "180+1"]
[Date "2022.12.14"]
[WhiteClock "0:01:53"]
[BlackClock "0:01:08"]

1. e4 e5 2. Nf3 Nc6 3. Bc4 Nf6 4. d3 Bc5 5. c3 d6 6. O-O a6 7. a4 Ba7 8. Re1 Be6 9. Bxe6 fxe6 10. b4 O-O 11. Be3 Nh5 12. Bxa7 Rxa7 13. Nbd2 Nf4 14. Nf1 Ra8 15. g3 Nh3+ 16. Kg2 Ng5 17. Ng1 Qf6 18. Ra2 h6 19. Ne3 Rf7 20. Rf1 Raf8 21. b5 Ne7 22. bxa6 bxa6 23. Rb2 Ng6 24. Rb7 Qd8 25. Qb3 Kh8 26. Ra7 Nf3 27. Nxf3 Rxf3 28. Qxe6 R8f6 29. Qc4 Qf8 30. Ng4 R6f4 31. gxf4 Qxf4 32. Ra8+ Nf8 33. Rxf8+ Qxf8 34. Qxc7 Kh7 35. Qd7 Rxd3 36. Ne3 Rxc3 37. Qf5+ Qxf5 38. Nxf5 Rc4 39. Nxd6 Rxa4 40. Rd1 Rd4 41. Rxd4 exd4 42. Kf3 Kg6 43. Ke2 a5 44. Kd3 a4 45. Nc4 Kg5 46. Kxd4 Kf4 47. e5 1-0


[Site "https://www.chess.com"]

[Event "Titled Tuesday Blitz December 13 Early 2022"]
[White "Donskov, Anatoly"]
[Black "Ingebretsen, Jens E"]
[WhiteFideId "24143413"]
[BlackFideId "1522965"]
[WhiteElo "2219"]
[BlackElo "2213"]
[Result "0-1"]
[Round "06"]
[TimeControl "180+1"]
[Date "2022.12.14"]
[WhiteClock "0:00:01"]
[BlackClock "0:01:36"]

1. e4 c5 2. Nf3 Nc6 3. Nc3 Nf6 4. Bb5 d6 5. O-O Bd7 6. Re1 g6 7. Bf1 Bg7 8. b3 O-O 9. Bb2 e5 10. g3 Bg4 11. Bg2 Nd4 12. Nb1 Qd7 13. d3 Nh5 14. c3 Ne6 15. Nbd2 Ng5 16. Qc2 Nh3+ 17. Kf1 f5 18. c4 fxe4 19. dxe4 N5f4 20. gxf4 Nxf4 21. Ng1 Rf7 22. f3 Raf8 23. Qc3 Bh6 24. Rad1 Bg5 25. Bc1 Bh4 26. Re3 h5 27. Nb1 Nh3 28. Bxh3 Bxh3+ 29. Ke2 Bg2 30. Nd2 Bg5 31. Nf1 Bxe3 32. Qxe3 Bxf3+ 33. Nxf3 Rxf3 34. Qg5 Rf2+ 35. Kd3 Rxf1 36. Qxg6+ Qg7 37. Qxg7+ Kxg7 38. Rxf1 Rxf1 39. Bg5 Rh1 40. Be7 Kg6 41. Kc3 Rxh2 42. Bxd6 Rxa2 43. Bxe5 h4 44. Bd6 h3 45. b4 h2 0-1


[Site "https://www.chess.com"]